Map: Orbital Shipyard

Players

Serral - Winner!

  • Race: Zerg Zerg
  • League: Grandmaster

FireCake

  • Race: Zerg Zerg
  • League: Master

Event: DreamHack ZOWIE Open Leipzig

VOD

Have the link to the VOD?

Description

Time

  • Played on: Jan. 22, 2016, 10:55 a.m.
  • Length: 16:24

All games in this series

Show
View Real Time Build Order
Export as new Build Order

Serral Zerg - Winner!

Build Orders: Hatch First, Lurkers 

Get SALT Encoding   

  12  0:00  Drone  
  13  0:13  Overlord  
  13  0:18  Drone  
  14  0:31  Drone x2  
  16  0:35  Drone  
  17  0:51  Hatchery  
  17  0:54  Drone  
  17  0:59  Drone  
  17  1:03  Extractor  
  17  1:12  Spawning Pool  
  17  1:15  Drone  
  17  1:19  Drone  
  18  1:29  Drone  
  19  1:39  Overlord  
  19  1:59  Queen  
  19  2:00  Zergling x2  
  22  2:02  Zergling x2  
  22  2:03  Metabolic Boost, Queen  
  22  2:06  Drone  
  26  2:11  Drone  
  26  2:14  Drone  
  28  2:22  Drone  
  29  2:25  Baneling Nest  
  29  2:26  Drone  
  29  2:34  Drone  
  30  2:38  Zergling x2  
  31  2:48  Hatchery  
  31  2:50  Drone  
  31  2:53  Drone  
  31  2:57  Drone  
  33  2:59  Drone  
  33  3:05  Overlord  
  34  3:07  Drone  
  34  3:10  Drone  
  34  3:12  Overlord  
  36  3:24  Drone  
  36  3:25  Drone x3  
  38  3:27  Drone x2  
  40  3:37  Drone  
  40  3:38  Drone, Baneling x2  
  42  3:45  Evolution Chamber, Zergling x10  
  46  3:51  Overlord  
  46  3:54  Drone x2  
  48  4:01  Drone, Queen  
  48  4:02  Drone  
  52  4:05  Baneling  
  52  4:06  Drone  
  53  4:11  Extractor x2  
  53  4:12  Zerg Missile Weapons Level 1, Drone x3  
  53  4:14  Drone  
  53  4:16  Drone  
  56  4:18  Drone  
  56  4:19  Drone  
  56  4:20  Drone  
  56  4:23  Drone  
  60  4:28  Drone x2  
  60  4:32  Drone  
  60  4:33  Drone  
  60  4:37  Roach Warren  
  61  4:38  Lair  
  61  4:41  Overlord  
  61  4:42  Drone  
  61  4:43  Drone x2  
  64  4:46  Drone x2  
  65  4:56  Drone  
  65  4:57  Overlord x2  
  66  5:01  Overlord  
  66  5:08  Drone x4, Extractor  
  66  5:09  Drone x2, Extractor  
  66  5:11  Drone x2  
  66  5:12  Drone  
  73  5:15  Drone x2, Overlord  
  73  5:17  Drone  
  75  5:22  Drone x4, Extractor  
  75  5:25  Overlord  
  78  5:28  Overlord  
  78  5:37  Glial Reconstitution  
  78  5:41  Roach x4  
  86  5:48  Roach x6  
  97  5:56  Overlord  
  97  5:57  Overlord  
  97  5:59  Roach x4  
  105  6:05  Overlord  
  105  6:06  Roach  
  107  6:12  Zerg Missile Weapons Level 2  
  107  6:15  Ravager x3  
  107  6:17  Ravager  
  111  6:19  Roach x5  
  111  6:22  Overseer  
  111  6:23  Overlord  
  121  6:26  Roach x3  
  121  6:27  Roach  
  121  6:32  Hatchery  
  128  6:33  Hydralisk Den  
  128  6:36  Overlord  
  128  6:37  Roach x3  
  128  6:38  Roach  
  135  6:41  Roach x2  
  139  6:48  Overlord  
  139  6:50  Roach x4  
  139  6:51  Roach  
  149  6:57  Roach x2  
  149  6:58  Roach x2  
  157  7:08  Roach x3  
  163  7:09  Roach x2  
  167  7:17  Roach  
  163  7:23  Overlord  
  163  7:27  Overlord  
  163  7:28  Lurker Den  
  163  7:30  Spore Crawler  
  163  7:34  Overlord  
  163  7:35  Roach x2  
  163  7:36  Overlord, Roach  
  163  7:37  Overlord x2  
  168  7:38  Ravager  
  168  7:41  Overlord  
  168  7:42  Ravager x2  
  165  7:44  Drone  
  165  7:45  Drone x3, Roach  
  165  7:46  Roach x2  
  165  7:50  Extractor  
  172  8:00  Roach x2  
  172  8:01  Roach x3  
  182  8:07  Overlord  
  182  8:08  Pneumatized Carapace, Roach x3  
  188  8:14  Overlord  
  188  8:17  Roach x4  
  188  8:18  Ravager x3  
  198  8:33  Roach  
  199  8:34  Overlord x2  
  194  8:43  Roach x9  
  194  8:44  Roach  
  185  8:49  Queen  
  185  8:55  Roach x4  
  193  9:03  Roach x4  
  193  9:05  Zerg Ground Armor Level 1  
  197  9:11  Drone x3  
  197  9:14  Drone x2  
  186  9:18  Burrow  
  178  9:26  Roach x9  
  163  9:40  Roach  
  163  9:41  Roach x7  
  134  9:53  Roach x5  
  128  10:02  Roach x2  
  128  10:03  Roach x2  
  128  10:05  Hydralisk x3  
  128  10:06  Hydralisk  
  144  10:12  Drone, Extractor  
  144  10:13  Drone  
  145  10:15  Hydralisk x3  
  145  10:29  Hydralisk x2  
  145  10:30  Hydralisk x3  
  145  10:35  Lurker x4  
  155  10:36  Overseer  
  155  10:42  Overlord  
  155  10:43  Roach x3  
  161  10:55  Roach x5  
  171  11:00  Overlord  
  172  11:04  Lurker x2  
  172  11:07  Overlord  
  172  11:10  Tunneling Claws  
  173  11:12  Roach  
  173  11:13  Roach x3  
  173  11:16  Lurker x2  
  183  11:31  Roach  
  183  11:32  Roach x6  
  193  11:39  Ravager  
  193  11:46  Infestation Pit  
  192  11:50  Zerg Ground Armor Level 2  
  192  11:54  Overseer  
  188  12:02  Roach  
  188  12:03  Roach x5  
  196  12:23  Roach  
  196  12:24  Roach x34  
  197  12:34  Overseer  
  197  12:39  Hive  
  197  12:51  Spire  
  197  12:52  Muscular Augments  
  197  12:56  Roach  
  198  13:01  Hatchery  
  198  13:02  Spore Crawler  
  198  13:03  Spore Crawler  
  181  13:07  Roach x8  
  181  13:08  Roach  
  181  13:12  Ravager x3  
  198  13:18  Overseer  
  194  13:29  Roach  
  194  13:30  Roach  
  198  13:36  Ravager  
  199  13:47  Overlord  
  187  13:55  Roach x12  
  191  13:56  Roach x4  
  191  13:58  Roach x23  
  193  14:03  Roach x4  
  193  14:11  Roach  
  193  14:12  Roach x2  
  193  14:14  Queen  
  194  14:20  Greater Spire  
  183  14:46  Viper x5  
  183  14:51  Drone x3  
  183  14:52  Drone x3, Overseer  
  199  14:57  Drone  
  200  15:06  Overseer  
  198  15:14  Drone x2  
  198  15:19  Roach x5  
  200  15:21  Overseer  
  200  15:24  Overseer  
  200  15:46  Spine Crawler x3  
  200  15:47  Spine Crawler  
  200  15:48  Drone x4  
Show
View Real Time Build Order
Export as new Build Order

FireCake Zerg 

Build Orders: 3 Hatch before Pool, Lurkers 

Get SALT Encoding   

  12  0:00  Drone  
  13  0:08  Drone  
  14  0:16  Overlord  
  14  0:23  Drone, Extractor  
  15  0:34  Drone x2  
  17  0:44  Drone  
  18  0:55  Hatchery  
  17  1:13  Hatchery  
  17  1:16  Drone  
  17  1:20  Drone  
  17  1:24  Drone, Extractor  
  18  1:27  Drone  
  19  1:38  Drone  
  20  1:44  Spawning Pool  
  19  1:49  Drone  
  20  2:00  Drone  
  21  2:08  Drone  
  22  2:18  Drone x2  
  24  2:30  Queen x2  
  24  2:31  Zergling x4  
  24  2:32  Baneling Nest  
  24  2:36  Spine Crawler  
  28  2:39  Drone  
  28  2:41  Zergling x2  
  30  2:47  Drone x2  
  32  2:52  Metabolic Boost  
  32  3:01  Queen  
  34  3:20  Overlord  
  34  3:23  Overlord  
  34  3:24  Overlord  
  33  3:27  Drone  
  34  3:42  Drone x10  
  44  3:54  Roach Warren  
  43  3:56  Drone  
  43  3:57  Evolution Chamber  
  43  3:58  Baneling  
  43  3:59  Baneling  
  43  4:03  Drone x3  
  43  4:08  Overlord  
  46  4:13  Baneling  
  46  4:14  Baneling x3  
  46  4:18  Extractor  
  46  4:22  Drone x6  
  46  4:23  Drone  
  51  4:34  Drone x7  
  51  4:35  Drone  
  59  4:41  Zerg Missile Weapons Level 1  
  59  4:42  Drone x3  
  62  4:51  Drone  
  62  4:52  Drone x3  
  66  4:58  Lair  
  66  5:02  Overlord x2, Extractor x2  
  66  5:03  Overlord  
  66  5:04  Overlord x2  
  64  5:08  Drone  
  64  5:11  Extractor x2  
  63  5:21  Drone x2  
  65  5:23  Drone  
  65  5:27  Drone x5  
  65  5:28  Drone x3  
  74  5:29  Roach x4  
  82  5:40  Roach  
  82  5:41  Roach x2  
  88  5:49  Pneumatized Carapace  
  88  5:52  Overlord  
  88  5:53  Overlord  
  88  5:54  Overlord  
  88  5:56  Drone  
  89  5:57  Glial Reconstitution  
  89  5:58  Overseer  
  89  6:00  Roach x3  
  89  6:01  Roach x2  
  99  6:04  Roach  
  99  6:05  Roach x2  
  99  6:09  Overlord x2  
  105  6:19  Roach x3  
  105  6:20  Hatchery  
  110  6:25  Overlord  
  110  6:28  Roach x2  
  114  6:39  Drone  
  115  6:40  Evolution Chamber, Roach  
  115  6:41  Roach x8  
  115  6:46  Overlord  
  132  6:47  Overlord  
  132  6:55  Roach x3  
  132  6:56  Queen  
  132  6:57  Zerg Missile Weapons Level 2  
  140  7:06  Roach  
  140  7:07  Roach x2  
  146  7:16  Roach x2  
  146  7:17  Roach x7  
  162  7:27  Roach x3  
  168  7:31  Overlord  
  166  7:40  Queen  
  166  7:48  Roach x2  
  166  7:49  Roach x3  
  176  7:52  Roach x4  
  184  7:58  Overlord  
  184  7:59  Overlord x2  
  182  8:19  Roach x3  
  186  8:20  Ravager x8  
  186  8:21  Ravager  
  186  8:22  Ravager x3  
  186  8:24  Roach  
  200  8:32  Overlord  
  200  8:33  Overlord  
  190  8:36  Roach  
  171  8:42  Roach x2  
  171  8:43  Roach x9  
  171  8:46  Roach  
  171  8:47  Roach x3  
  171  8:52  Extractor x2  
  165  9:02  Roach  
  153  9:03  Roach x9  
  153  9:07  Roach x3  
  168  9:13  Roach x3  
  172  9:19  Roach  
  172  9:20  Roach x4  
  174  9:29  Roach  
  174  9:30  Roach x3  
  164  9:34  Roach  
  164  9:35  Roach x3  
  152  9:39  Burrow  
  152  9:41  Roach x2  
  122  9:53  Roach  
  122  9:54  Roach x9  
  122  9:59  Roach x4  
  146  10:06  Zerg Ground Armor Level 1  
  146  10:10  Roach x3  
  152  10:24  Roach  
  152  10:25  Roach x6  
  162  10:32  Drone x2  
  164  10:40  Roach x6  
  176  10:52  Ravager  
  176  10:53  Ravager x5  
  176  10:54  Roach  
  176  10:55  Roach x4  
  192  11:06  Drone x2  
  192  11:09  Hydralisk Den  
  193  11:17  Roach x4  
  193  11:23  Hatchery  
  193  11:24  Roach x4  
  192  11:37  Roach x2  
  192  11:39  Roach x4  
  200  11:40  Roach x37  
  200  11:41  Lurker Den  
  200  11:55  Tunneling Claws  
  190  12:02  Hydralisk x5  
  190  12:05  Zerg Ground Armor Level 2, Roach x2  
  200  12:12  Infestation Pit  
  199  12:15  Overseer  
  199  12:16  Roach x14  
  199  12:35  Roach  
  199  12:46  Spine Crawler x4  
  199  12:47  Spine Crawler  
  199  12:48  Spine Crawler  
  199  12:49  Hive, Spine Crawler  
  199  12:50  Spine Crawler  
  191  12:56  Hydralisk x5  
  199  12:59  Roach x39  
  192  13:08  Lurker x3  
  192  13:09  Lurker x2  
  193  13:25  Roach x20  
  193  13:26  Roach x10  
  197  13:28  Roach x16  
  197  13:30  Hydralisk x4  
  192  13:48  Hydralisk x4  
  192  13:49  Hydralisk x2  
  177  13:56  Hydralisk x3  
  177  13:59  Roach x6  
  177  14:01  Roach  
  168  14:02  Ravager  
  168  14:03  Lurker  
  151  14:11  Hydralisk x4  
  147  14:18  Lurker x2, Roach  
  147  14:19  Roach  
  147  14:20  Overseer  
  113  14:35  Roach x6  
  119  14:46  Roach x3  
  119  14:50  Viper x2  
  119  14:58  Viper x2  
  125  15:14  Hatchery  
  118  15:34  Overlord  
  118  15:36  Hydralisk x7, Roach x2  
  136  15:54  Roach  
  136  15:55  Roach x3  
  136  15:56  Roach x2  

Tags
 
Add a new tag
Caveats
  • Supply blocks, unpowered buildings, or Contaminate may cause inaccurate times.
  • Supply counts are checked every 10 seconds.